 Dungeon Crawl Stone Soup version 0.29-a0-1008-g949cc1d0fb (webtiles) character file.

Game seed: 5078549770895046933

1213 garrulousMonolith the Shooter (level 8, -2/68 HPs)
             Began as a Minotaur Hunter on Aug 7, 2022.
             Slain by Prince Ribbit (14 damage)
             ... on level 6 of the Dungeon.
             The game lasted 00:06:11 (6293 turns).

garrulousMonolith the Shooter (Minotaur Hunter)     Turns: 6293, Time: 00:06:12

Health: -2/68      AC: 12    Str: 15    XL:     8   Next: 22%
Magic:  7/7        EV:  8    Int: 10    God:
Gold:   292        SH:  0    Dex: 17    Spells: 7/7 levels left

rFire   + . .      SeeInvis .   u - +0 whip (venom)
rCold   . . .      Faith    .   (no shield)
rNeg    . . .      Spirit   .   z - +1 chain mail {rF+}
rPois   .          Reflect  .   (helmet restricted)
rElec   .          Harm     .   (no cloak)
rCorr   .          Rampage  .   A - +1 pair of gloves of Hamya {Int+4}
Will    .....                   (no boots)
Stlth   ..........              (no amulet)
HPRegen 0.21/turn               (no ring)
MPRegen 0.10/turn               (no ring)

@: no status effects
A: horns 2, retaliatory headbutt
a: no special abilities


You were on level 6 of the Dungeon.
You visited 2 branches of the dungeon, and saw 7 of its levels.

You collected 292 gold pieces.

Inventory:

Hand Weapons
 a - a +0 shortbow
 d - a +0 dagger
 g - a +0 war axe
 h - the +5 dagger of the Unspeakable One {protect, rElec Dex+3}
   (You found it on level 6 of the Dungeon)

   It grants its wielder temporary protection when it strikes (+7 to AC).
   Dex:       It affects your dexterity (+3).
   rElec:     It insulates you from electricity.
 o - a +0 falchion
 u - a +0 whip of venom (weapon)
 B - a +1 short sword of electrocution
Missiles
 l - 3 atropa-tipped darts
 y - 5 curare-tipped darts
Armour
 t - a +0 plate armour
 z - a +1 chain mail of fire resistance (worn)
 A - the +1 pair of gloves of Hamya (worn) {Int+4}
   (You found it on level 4 of the Dungeon)

   Int:       It affects your intelligence (+4).
Jewellery
 m - a ring of fire
 n - an amulet of regeneration
 p - a ring of positive energy
Wands
 C - a wand of digging (7)
 D - a wand of flame (7)
Scrolls
 b - 3 scrolls of immolation
 c - a scroll of vulnerability {unknown}
 f - 2 scrolls of poison {unknown}
 k - a scroll of enchant weapon {unknown}
 q - 3 scrolls of magic mapping
 r - a scroll of fear {unknown}
 s - 2 scrolls of amnesia {unknown}
 E - 2 scrolls of teleportation {unknown}
 F - a scroll of summoning {unknown}
Potions
 e - a potion of heal wounds
 i - 2 potions of lignification {unknown}
 j - 3 potions of curing
 v - a potion of resistance {unknown}
 w - 4 potions of might
 x - 2 potions of flight {unknown}
 G - a potion of berserk rage {unknown}


   Skills:
 + Level 5.2 Fighting
 * Level 7.7 Ranged Weapons
 + Level 4.5 Armour
 + Level 4.7 Dodging
 + Level 3.5 Stealth


You had 7 spell levels left.
You didn't know any spells.
Your spell library contained the following spells:

 Spells                   Type           Power      Damage    Failure   Level
 Inner Flame              Hex/Fire       0%         N/A       100%        3
 Cause Fear               Hex            0%         N/A       100%        4
 Discord                  Hex            0%         N/A       100%        8


Dungeon Overview and Level Annotations

Branches:
Dungeon (6/15)             Temple (1/1) D:6

Altars:
Ashenzari
Elyvilon
Fedhas
Gozag
Hepliaklqana
Makhleb
Nemelex Xobeh
Okawaru
Qazlal
Ru
Sif Muna
Trog
Uskayaw
Xom
Yredelemnul
Zin
The Shining One

Annotations:
D:6 Prince Ribbit


Innate Abilities, Weirdness & Mutations

You have a pair of horns on your head.
You reflexively headbutt those who attack you in melee.


Message History

You are too injured to fight recklessly!
You are too injured to fight recklessly!
You are too injured to fight recklessly!
You are too injured to fight recklessly!
You are too injured to fight recklessly!
You are too injured to fight recklessly!
You are too injured to fight recklessly!
You are too injured to fight recklessly!
You are too injured to fight recklessly!
You are too injured to fight recklessly!
You are too injured to fight recklessly!
You are too injured to fight recklessly!
You hit Prince Ribbit.
Prince Ribbit is moderately wounded.
Prince Ribbit completely misses you.
You miss Prince Ribbit.
Prince Ribbit is moderately wounded.
Prince Ribbit hits you. Prince Ribbit hits you!
You closely miss Prince Ribbit.
Prince Ribbit is moderately wounded.
Prince Ribbit barely misses you.
You barely miss Prince Ribbit.
Prince Ribbit is moderately wounded.
Prince Ribbit hits you but does no damage. x2
You miss Prince Ribbit.
Prince Ribbit is moderately wounded.
Prince Ribbit hits you!
You barely miss Prince Ribbit.
Prince Ribbit is moderately wounded.
Prince Ribbit hits you!
* * * LOW HITPOINT WARNING * * *
Prince Ribbit hits you!
* * * LOW HITPOINT WARNING * * *
You hit Prince Ribbit.
Prince Ribbit looks as sick as possible!
You headbutt Prince Ribbit!
Prince Ribbit is almost dead.
Prince Ribbit hits you but does no damage.
Prince Ribbit hits you!
You die...

#####
################.#.#
...KKKF@...........#
#######..........#.#
#.#######..#.#
#.#.....#..#.#####
#.#.....#..#.....#
####.#.._..'..#####.#
#....#.....#..# #.# .
#....#.....#..# #.#
..
#....#######..#####.#


You could see Prince Ribbit (extremely poisoned), a kobold brigand and 2
kobolds.

Vanquished Creatures
  A steam dragon (D:6)
  Menkaure (D:5)
  A water moccasin (D:6)
  An orc warrior (D:6)
  2 scorpions
  2 hounds
  A jelly (D:5)
  4 orc priests
  4 iguanas
  Natasha (thrice) (D:2)
  2 orc wizards
  5 adders
  A shadow imp (D:5)
  A white imp (D:6)
  3 worms
  6 dart slugs
  21 orcs
  10 endoplasms
  8 giant cockroaches
  2 goblins
  5 hobgoblins
  4 jackals (D:3)
  8 kobolds
  3 quokkas
  9 ball pythons
  8 bats
  6 frilled lizards
  7 rats
  A spectral goblin (D:1)
130 creatures vanquished.

Notes
Turn   | Place    | Note
-------+----------+-------------------------------------------
     0 | D:1      | garrulousMonolith the Minotaur Hunter began the quest for
                  | the Orb.
     0 | D:1      | Reached XP level 1. HP: 18/18 MP: 0/0
   180 | D:1      | Reached skill level 1 in Stealth
   180 | D:1      | Reached XP level 2. HP: 25/25 MP: 1/1
   705 | D:1      | Found a faded altar of an unknown god.
   846 | D:1      | Reached skill level 1 in Armour
  1037 | D:2      | Reached XP level 3. HP: 30/30 MP: 2/2
  1045 | D:2      | Found an iron altar of Okawaru.
  1238 | D:2      | Reached skill level 5 in Ranged Weapons
  1392 | D:2      | Reached XP level 4. HP: 38/38 MP: 3/3
  1531 | D:2      | Noticed Natasha
  1542 | D:2      | Killed Natasha
  1631 | D:2      | Noticed Natasha
  1639 | D:2      | Killed Natasha
  1727 | D:2      | Noticed Natasha
  1734 | D:2      | Killed Natasha
  1735 | D:2      | Reached XP level 5. HP: 36/45 MP: 4/4
  3028 | D:4      | Identified the +1 pair of gloves of Hamya {Int+4}
  3134 | D:4      | Found an opulent altar of Gozag.
  3225 | D:4      | Found a broken altar of Ashenzari.
  3294 | D:4      | Reached XP level 6. HP: 52/52 MP: 5/5
  3300 | D:4      | Reached skill level 6 in Ranged Weapons
  3948 | D:5      | Entered Level 5 of the Dungeon
  3963 | D:5      | Noticed Menkaure
  4335 | D:5      | Killed Menkaure
  4336 | D:5      | Reached XP level 7. HP: 22/60 MP: 6/6
  5118 | D:5      | Reached skill level 7 in Ranged Weapons
  5608 | D:6      | Found a staircase to the Ecumenical Temple.
  5609 | D:6      | Noticed a steam dragon
  5615 | Temple   | Entered the Ecumenical Temple
  5846 | D:6      | Identified the +5 dagger of the Unspeakable One {protect,
                  | rElec Dex+3}
  5861 | D:6      | Killed a steam dragon
  5886 | D:6      | Reached skill level 5 in Fighting
  5886 | D:6      | Reached XP level 8. HP: 48/68 MP: 7/7
  6229 | D:6      | Found a hazy altar of Hepliaklqana.
  6281 | D:6      | Noticed Prince Ribbit
  6293 | D:6      | Slain by Prince Ribbit

Illustrated notes

Levels and vault maps discovered:
D:1:      dpeg_arrival_simpleton_a, layout_loops_ring,
          dreamdust_ecumenical_altar_drowned_temple
D:2:      layout_basic, basic_altar, uniq_natasha
D:3:      layout_basic
D:4:      layout_loops_ring, nicolae_gozag_seed_capital,
          overflow_temple_1_default, kennysheep_generic_room_8
D:5:      layout_basic, serial_curves, eino_curves_01, eino_curves_01,
          uniq_menkaure
D:6:      layout_basic, amcnicky_altar_gilded, minmay_temple_entry_waves,
          uniq_prince_ribbit1
Temple:   dpeg_chambers_temple

Skill      XL: |  1  2  3  4  5  6  7 |
---------------+----------------------+-----
Stealth        | 1 2 3 |  3.5
Armour         | 1 2 3 4 |  4.5
Fighting       | 3 4 5 |  5.2
Ranged Weapons | 5 6 7 |  7.7
Dodging        | 3 4 |  4.7

Action                   |  1- 3 |  4- 6 |  7- 9 || total
-------------------------+-------+-------+-------++-------
Melee: War axe           |       |    27 |       ||    27
       Headbutt          |       |    42 |    25 ||    67
       Whip              |       |   110 |    63 ||   173
       Short sword       |       |     2 |    47 ||    49
       Punch             |       |     2 |       ||     2
 Fire: Shortbow          |    96 |    17 |       ||   113
  Use: Scroll            |       |       |     5 ||     5
       Potion            |       |       |     2 ||     2
Armor: Leather armour    |     1 |       |       ||     1
       Scale mail        |    16 |     4 |       ||    20
       Plate armour      |       |    26 |       ||    26
       Chain mail        |       |    48 |    53 ||   101
Dodge: Dodged            |    23 |    57 |    47 ||   127

Table legend: (Time is in decaauts)
 A = Elapsed time spent in this place.
 B = Non-inter-level travel time spent in this place.
 C = Inter-level travel time spent in this place.
 D = Time resting spent in this place.
 E = Time spent auto-exploring this place.
 F = Levels seen in this place.
 G = Mean time per level.
                   A        B        C        D        E       F      G
               +--------+--------+--------+--------+--------+-----+--------+
         Total |   6389 |   6241 |    148 |   1464 |   3817 |   7 |  912.7 |
       Dungeon |   6162 |   6037 |    125 |   1464 |   3627 |   6 | 1027.0 |
        Temple |    226 |    203 |     23 |      0 |    190 |   1 |  226.0 |
               +--------+--------+--------+--------+--------+-----+--------+

Top non-repeatable levels by time:
     D:4: 1341 daAuts
     D:5: 1330 daAuts
     D:2: 1082 daAuts
     D:1: 1030 daAuts
     D:3: 908 daAuts
     D:6: 468 daAuts
  Temple: 226 daAuts
